Map: Ulrena

Players

Menomena

  • Race: Terran Terran
  • League: Diamond

LilDicky - Winner!

  • Race: Terran Terran
  • League: Diamond

VOD

http://www.twitch.tv/tumescentpie

Description

Time

  • Played on: Nov. 23, 2015, 9:20 p.m.
  • Length: 4:44
Show
View Real Time Build Order
Export as new Build Order

Menomena Terran 

Build Orders:  

Get SALT Encoding   

  12  0:01  SCV  
  13  0:13  SCV  
  14  0:18  Supply Depot  
  14  0:25  SCV  
  15  0:40  SCV  
  16  0:44  Barracks  
  16  0:47  Refinery  
  16  0:52  SCV  
  17  1:04  SCV  
  18  1:16  SCV  
  19  1:31  SCV  
  20  1:34  Command Center  
  20  1:35  Reaper  
  21  1:46  Orbital Command  
  21  1:55  Refinery  
  21  2:00  Supply Depot  
  21  2:07  Marine  
  22  2:16  SCV  
  23  2:24  Marine  
  23  2:28  SCV  
  25  2:38  Factory  
  25  2:41  SCV  
  25  2:42  Marine  
  27  2:45  Supply Depot  
  27  2:53  SCV  
  28  3:00  Marine  
  28  3:12  Orbital Command  
  28  3:18  SCV, Marine  
  30  3:30  SCV  
  29  3:36  Hellion, Marine  
  29  3:42  SCV  
  29  3:54  Marine  
  30  3:58  Hellion  
  29  4:11  Marine  
  27  4:19  Hellion  
Show
View Real Time Build Order
Export as new Build Order

LilDicky Terran - Winner!

Build Orders:  

Get SALT Encoding   

  12  0:01  SCV  
  13  0:13  SCV  
  14  0:18  Supply Depot  
  14  0:25  SCV  
  15  0:30  Refinery  
  15  0:40  SCV  
  16  0:46  Barracks  
  16  0:54  SCV  
  17  1:05  Barracks  
  17  1:08  SCV  
  18  1:19  Supply Depot  
  18  1:21  SCV  
  19  1:35  Reaper  
  19  1:36  SCV  
  21  1:48  Orbital Command  
  21  1:52  Reaper  
  22  1:57  Barracks  
  22  2:07  Reaper  
  23  2:09  Refinery  
  23  2:24  Reaper  
  23  2:25  SCV  
  25  2:32  Supply Depot  
  25  2:40  Reaper, Barracks  
  26  2:46  Reaper  
  26  3:05  Reaper  
  26  3:12  SCV, Reaper  
  28  3:18  Reaper  
  29  3:24  SCV  
  29  3:26  Command Center  
  30  3:37  Reaper x2  
  32  3:44  Reaper  
  32  3:51  Reaper  
  33  4:09  Reaper x2  
Tags
 
Add a new tag
Caveats
  • Supply blocks, unpowered buildings, or Contaminate may cause inaccurate times.
  • Supply counts are checked every 10 seconds.